 Dungeon Crawl Stone Soup version 0.23.2-1-ga50397a6bc (webtiles) character file.

Game seed: 12941013588002594543

4913 Freyura the Basher (level 10, -13/76 HPs)
             Began as a Demonspawn Berserker on May 13, 2019.
             Was a High Priest of Trog.
             Mangled by an orc knight
             ... wielding a +0 glaive
              (34 damage)
             ... in a bailey.
             The game lasted 00:35:45 (5891 turns).

Freyura the Basher (Demonspawn Berserker)           Turns: 5891, Time: 00:35:46

Health: -13/76     AC: 15    Str: 18    XL:     10   Next: 27%
Magic:  10/10      EV: 13    Int:  8    God:    Trog [*****.]
Gold:   317        SH: 16    Dex: 16    Spells: 9/9 levels left

rFire    . . .     SeeInvis .   d - +6 whip (elec)
rCold    + . .     Gourm    .   o - +2 large shield
rNeg     . . .     Faith    .   k - +0 leather armour
rPois    .         Spirit   .   (helmet restricted)
rElec    .         Reflect  .   s - +2 cloak {MR+}
rCorr    .         Harm     .   (no gloves)
MR       +....                  (no boots)
Stlth    +.........             h - amulet of regeneration
HPRegen  0.62/turn              n - +2 ring of evasion
MPRegen  0.12/turn              v - +4 ring of slaying

@: sanguine armour
A: horns 1, cold resistance 1, spiny 2, sanguine armour 2
a: Berserk, Trog's Hand, Brothers in Arms, Renounce Religion


You were in a bailey.
You worshipped Trog.
Trog was extremely pleased with you.
You were not hungry.

You visited 1 branch of the dungeon, and saw 7 of its levels.
You also visited: Bailey.

You collected 405 gold pieces.
You spent 88 gold pieces at shops.

Inventory:

Hand Weapons
 b - a +0 dire flail of crushing
 d - a +6 whip of electrocution (weapon)
 e - a +2 vampiric whip
Armour
 k - a +0 leather armour (worn)
 o - a +2 large shield (worn)
 s - a +2 cloak of magic resistance (worn)
Jewellery
 a - an uncursed amulet of the acrobat
 h - an amulet of regeneration (around neck)
 n - a +2 ring of evasion (left hand)
 v - a +4 ring of slaying (right hand)
Scrolls
 g - 3 scrolls of identify
 i - a scroll of random uselessness {unknown}
 m - 6 scrolls of teleportation
 q - 2 scrolls of remove curse
 x - a scroll of acquirement {unknown}
Potions
 f - 2 potions of haste
 j - a potion of invisibility
 l - a potion of curing {unknown}
 r - 2 potions of heal wounds
 t - a potion of lignification {unknown}
 u - a potion of mutation {unknown}
 w - a potion of might {unknown}
Comestibles
 c - 9 rations
 z - 2 chunks of flesh


   Skills:
 + Level 6.3 Fighting
   Level 2.7 Long Blades
 * Level 10.0 Maces & Flails
 + Level 4.0 Armour
 + Level 4.8 Dodging
 + Level 5.1 Shields
   Level 1.1 Evocations


You had 9 spell levels left.
You didn't know any spells.
Your spell library was empty.

Dungeon Overview and Level Annotations

Branches:
Dungeon (7/15)             Temple (0/1) D:5

Altars:
Ashenzari
Okawaru
Qazlal
Sif Muna
Wu Jian
Xom
Yredelemnul
Zin

Shops:
D:6 *   D:7 (


Innate Abilities, Weirdness & Mutations

You have a pair of small horns on your head.
Your flesh is cold resistant. (rC+)
You are mostly covered in sharp spines.
When seriously injured, your bleeding wounds create thick armour. (AC +9)


Message History

You whack the orc knight! You headbutt the orc knight.
The orc knight is moderately wounded.
The orc knight closely misses you.
You whack the orc knight!
Lightning courses through the orc knight!
The orc knight is severely wounded.
The orc warrior shoots a bolt.
You block the bolt.
The orc knight is struck by your spines.
The orc knight hits you with a +0 glaive!
Your blood congeals into armour.
You hit the orc knight.
The orc knight is severely wounded.
The orc knight hits you from afar with a +0 glaive!!
* * * LOW HITPOINT WARNING * * *
You closely miss the orc knight.
The orc knight is severely wounded.
The orc warrior shoots a bolt.
You block the bolt.
The orc knight is struck by your spines.
The orc knight hits you with a +0 glaive!!
You die...

### ### ######
##∩###########.##
##.....##.∩.##.....##...#
#..≈≈≈..#..)#..≈≈≈..#...#
#.≈≈)≈≈)).)...≈≈)≈≈.#...#
'o≈.oo≈....o..≈)∩.≈.'...#
#.≈≈)≈≈o.....o≈≈)≈≈.#...#
#..≈≈≈.(#...#@.≈≈≈..#...#
##.....##...##..)))##...#
###### ##∩###########.##
### ###


You could see 2 orc knights and an orc warrior.

Vanquished Creatures
  Pikel (D:5)
  3 orc knights (Bailey)
  A hippogriff (D:7)
  Sigmund (D:2)
  A water moccasin (D:6)
  7 orc warriors (Bailey)
  4 ogres
  A necrophage (D:7)
  2 centaurs (D:6)
  2 bullfrogs
  4 scorpions
  3 wights (D:6)
  3 crimson imps
  2 bullfrog zombies
  A quasit (D:7)
  2 jellies
  2 bullfrog skeletons
  3 orc priests
  Crazy Yiuf (D:3)
  2 hounds
  2 centaur skeletons (D:7)
  An iguana (D:7)
  2 orc wizards
  Natasha (twice) (D:4)
  2 worker ants
  A hound zombie (D:7)
  Robin (D:2)
  8 adders
  2 shadow imps
  An ooze (D:1)
  2 adder skeletons
  2 worms
  3 dart slugs
  4 leopard geckos
  29 orcs
  5 bats
  2 giant cockroaches
  17 goblins
  14 hobgoblins
  16 jackals
  10 kobolds
  3 quokkas
  3 ball pythons
  3 frilled lizards
  A quokka skeleton (D:7)
  6 rats
  2 fungi (D:3)
190 creatures vanquished.

Vanquished Creatures (others)
  A jelly (D:5)
  3 jackals (D:5)
4 creatures vanquished.

Grand Total: 194 creatures vanquished

Notes
Turn   | Place    | Note
-------+----------+-------------------------------------------
     0 | D:1      | Freyura the Demonspawn Berserker began the quest for the
                  | Orb.
     0 | D:1      | Reached XP level 1. HP: 18/18 MP: 1/1
   444 | D:1      | Gained mutation: You are partially covered in sharp spines.
                  | [demonic ancestry]
   444 | D:1      | Reached XP level 2. HP: 23/24 MP: 2/2
   818 | D:1      | Reached ** piety under Trog
   818 | D:1      | Reached skill level 1 in Maces & Flails
   933 | D:1      | Gained mutation: Your flesh is cold resistant. (rC+)
                  | [demonic ancestry]
   933 | D:1      | Reached XP level 3. HP: 28/29 MP: 3/3
  1419 | D:2      | Gained mutation: You have a pair of small horns on your
                  | head. [demonic ancestry]
  1419 | D:2      | Reached XP level 4. HP: 37/37 MP: 4/4
  1432 | D:2      | Found an ornate altar of the Wu Jian Council.
  1432 | D:2      | Found a shimmering altar of Xom.
  1432 | D:2      | Found a stormy altar of Qazlal.
  1498 | D:2      | Noticed Sigmund
  1504 | D:2      | Found a basalt altar of Yredelemnul.
  1513 | D:2      | Killed Sigmund
  1513 | D:2      | Reached skill level 3 in Maces & Flails
  1513 | D:2      | Gained mutation: When seriously injured, your bleeding
                  | wounds create armour. (AC +9) [demonic ancestry]
  1513 | D:2      | Reached XP level 5. HP: 16/42 MP: 5/5
  1878 | D:2      | Noticed Robin
  1882 | D:2      | Reached *** piety under Trog
  1887 | D:2      | Killed Robin
  1887 | D:2      | Gained mutation: You are mostly covered in sharp spines.
                  | [demonic ancestry]
  1887 | D:2      | Reached XP level 6. HP: 48/49 MP: 6/6
  1969 | D:3      | Reached skill level 4 in Maces & Flails
  2182 | D:3      | Found a faded altar of an unknown god.
  2633 | D:3      | Found a runed translucent door.
  2634 | D:3      | Noticed Crazy Yiuf
  2641 | D:3      | Killed Crazy Yiuf
  2788 | D:4      | Reached skill level 5 in Maces & Flails
  2850 | D:4      | Reached XP level 7. HP: 33/55 MP: 7/7
  2909 | D:4      | Found a shattered altar of Ashenzari.
  2940 | D:4      | Found an iron altar of Okawaru.
  2941 | D:4      | Noticed Natasha
  2952 | D:4      | Killed Natasha
  2954 | D:4      | Reached **** piety under Trog
  3402 | D:4      | Noticed Natasha
  3408 | D:4      | Killed Natasha
  3436 | D:5      | Entered Level 5 of the Dungeon
  3488 | D:5      | Noticed Pikel
  3496 | D:5      | Killed Pikel
  3496 | D:5      | Reached skill level 5 in Fighting
  3496 | D:5      | Reached skill level 6 in Maces & Flails
  3496 | D:5      | Reached skill level 1 in Shields
  3496 | D:5      | Gained mutation: When seriously injured, your bleeding
                  | wounds create thick armour. (AC +9) [demonic ancestry]
  3496 | D:5      | Reached XP level 8. HP: 39/62 MP: 8/8
  3647 | D:5      | Found a deep blue altar of Sif Muna.
  3718 | D:5      | Found a staircase to the Ecumenical Temple.
  3744 | D:5      | Reached skill level 7 in Maces & Flails
  4740 | D:6      | Found Qaured's Serpentskin Sales.
  4865 | D:6      | Reached XP level 9. HP: 62/68 MP: 9/9
  5000 | D:6      | Reached skill level 8 in Maces & Flails
  5279 | D:7      | Found Lapha's Weapon Emporium.
  5288 | D:7      | Bought a +0 dire flail of crushing for 88 gold pieces
  5536 | D:7      | Found a glowing silver altar of Zin.
  5730 | D:7      | Found a flagged portal.
  5741 | Bailey   | Entered a bailey
  5751 | Bailey   | Noticed an orc knight
  5752 | Bailey   | Noticed an orc knight
  5755 | Bailey   | Reached skill level 9 in Maces & Flails
  5756 | Bailey   | Noticed an orc knight
  5762 | Bailey   | Reached ***** piety under Trog
  5811 | Bailey   | Killed an orc knight
  5812 | Bailey   | Killed an orc knight
  5812 | Bailey   | Reached XP level 10. HP: 76/76 MP: 10/10
  5814 | Bailey   | Noticed an orc knight
  5827 | Bailey   | Killed an orc knight
  5827 | Bailey   | Reached skill level 10 in Maces & Flails
  5827 | Bailey   | Reached skill level 5 in Shields
  5827 | Bailey   | Reached skill level 1 in Evocations
  5867 | Bailey   | Noticed an orc knight
  5882 | Bailey   | Noticed an orc knight
  5891 | Bailey   | Mangled by an orc knight

Skill      XL: |  1  2  3  4  5  6  7  8  9 10 |
---------------+-------------------------------+-----
Armour         | 2 3 4 |  4.0
Maces & Flails | 1 3 5 6 7 9 10 | 10.0
Dodging        | 2 3 4 |  4.8
Fighting       | 4 5 6 |  6.3
Shields        | 1 2 4 5 |  5.1
Evocations     | 1 |  1.1
Long Blades    | |  2.7

Action                   |  1- 3 |  4- 6 |  7- 9 | 10-12 || total
-------------------------+-------+-------+-------+-------++-------
Melee: Whip              |    60 |    88 |   210 |    17 ||   375
       Falchion          |     2 |       |       |       ||     2
       Headbutt          |       |    20 |    42 |     3 ||    65
Invok: Berserk           |     3 |     2 |     1 |     1 ||     7
Evoke: Wand              |       |       |     7 |     5 ||    12
  Use: Scroll            |     4 |     3 |     9 |       ||    16
       Potion            |       |     3 |       |     1 ||     4
 Stab: Sleeping          |     1 |     2 |       |       ||     3
  Eat: Chunk             |     4 |     3 |     3 |     2 ||    12
       Ration            |       |     1 |     2 |       ||     3
Armor: Animal skin       |     4 |       |       |       ||     4
       Leather armour    |       |     8 |    21 |       ||    29
Dodge: Dodged            |    32 |    11 |    43 |     3 ||    89
Block: Large shield      |       |    10 |   156 |    13 ||   179
       Rpst.: Falchion   |     1 |       |       |       ||     1
